cohdb
Replays
Latest Replays
All Replays
Popular Replays
Top Player Replays
Match Explorer
How It Works
Community
CoH3 Stats
Reddit
Sign in to upload your games and track your stats! →
Sign in with Steam
Match 42430340
Unlisted
Match 42430340
Overview
Messages
Build Orders
End
Selects Airborne Battlegroup
Selects Smoke Bombing Run
Selects Heavy Machine Gun Paradrop
Construct Barracks
Scout Squad
Riflemen Squad
Heavy Machine Gun Paradrop
Construct Weapon Support Center
Infantry Support Center
M1 Mortar Team
Selects Paratrooper Squad Paradrop
Construct Medical Station
Grenade Package
Heavy Machine Gun Paradrop
Sniper
Selects Anti-tank Gun Team Paradrop
M3 Armored Personnel Carrier
M3 Armored Personnel Carrier
Engineer Squad
Construct Motor Pool
Heavy Machine Gun Paradrop
Selects Paradrop Reinforcements
Bountyhunter
Genki
besh
cayemr
0
0
Comments
sign in to comment!
No comments posted yet!